 Dungeon Crawl Stone Soup version 0.21.1-1-g345015f (webtiles) character file.

723 letownia2 the Poker (level 7, -1/56 HPs)
             Began as a Merfolk Skald on Mar 14, 2018.
             Killed from afar by Dowan (6 damage)
             ... with a puff of frost
             ... on level 5 of the Dungeon.
             The game lasted 00:14:29 (2315 turns).

letownia2 the Poker (Merfolk Skald)                 Turns: 2315, Time: 00:14:30

Health: -1/56      AC:  7    Str: 11    XL:     7   Next: 71%
Magic:  7/10       EV: 12    Int: 14    God:
Gold:   140        SH:  0    Dex: 14    Spells: 2/10 levels left

rFire    . . .     SeeInvis .   a - +0 spear
rCold    . . .     Gourm    .   (no shield)
rNeg     . . .     Faith    .   t - +3 leather armour
rPois    .         Spirit   .   (no helmet)
rElec    .         Reflect  .   y - +0 cloak
rCorr    .         Harm     .   (no gloves)
MR       .....                  (no boots)
Stlth    +.........             (no amulet)
HPRegen  0.18/turn              (no ring)
MPRegen  0.12/turn              (no ring)

@: shrouded
A: change form in water, swift swim, stealthy swim
a: no special abilities


You were on level 5 of the Dungeon.
You were hungry.

You visited 1 branch of the dungeon, and saw 6 of its levels.
You also visited: Ossuary.

You collected 310 gold pieces.
You spent 170 gold pieces at shops.

Inventory:

Hand Weapons
 a - a +0 spear (weapon)
 b - a +0 scythe
 f - a +0 hunting sling
Missiles
 i - 34 sling bullets
 v - 6 tomahawks (quivered)
Armour
 t - a +3 leather armour (worn)
 y - a +0 cloak (worn)
Magical Staves
 l - an uncursed staff of earth
Scrolls
 e - 3 scrolls of amnesia {unknown}
 g - 5 scrolls of identify {unknown}
 j - 3 scrolls of remove curse {unknown}
 p - a scroll of acquirement {unknown}
 r - 3 scrolls of fog
 u - a scroll of vulnerability
 w - a scroll of immolation {unknown}
Potions
 h - 2 potions of agility {unknown}
 k - 4 potions of flight {unknown}
 m - a potion of degeneration {unknown}
 n - 2 potions of curing {unknown}
 o - a potion of mutation {unknown}
 q - 4 potions of lignification
 s - a potion of heal wounds {unknown}
Books
 c - a book of Battle

   Spells                             Type                      Level
   a - Infusion                       Charms                       1
   b - Shroud of Golubria             Charms/Translocation         2
   c - Song of Slaying                Charms                       2
   d - Spectral Weapon                Hexes/Charms                 3
   e - Regeneration                   Charms/Necromancy            3
 x - a book of Misfortune

   Spells                             Type                      Level
   a - Confusing Touch                Hexes                        1
   b - Confuse                        Hexes                        3
   c - Gell's Gravitas                Translocation                3
   d - Petrify                        Transmutation/Earth          4
   e - Metabolic Englaciation         Hexes/Ice                    5
   f - Yara's Violent Unravelling     Hexes/Transmutation          5
Comestibles
 d - 3 rations


   Skills:
 - Level 5.3 Fighting
 + Level 7.9 Polearms
 - Level 0.6 Armour
 - Level 2.6 Dodging
 - Level 2.0 Spellcasting
 - Level 1.4 Hexes
 + Level 4.9 Charms
 - Level 1.6 Translocations


You had 2 spell levels left.
You knew the following spells:

 Your Spells              Type           Power        Failure   Level  Hunger
a - Infusion              Chrm           ###.         4%          1    ##.....
l - Song of Slaying       Chrm           ###.....     6%          2    ###....
t - Shroud of Golubria    Chrm/Tloc      ##........   12%         2    ###....
x - Spectral Weapon       Hex/Chrm       ##......     26%         3    ####...


Dungeon Overview and Level Annotations

Branches:
Dungeon (6/15)
 Temple: D:4-7

Altars:
Okawaru
Vehumet

Shops:
D:4 *

Annotations:
D:3 letownia2's ghost, weakling MfSk
D:4 Pikel
D:5 Dowan; Duvessa


Message History

* * * LOW HITPOINT WARNING * * *
Unknown command.
You hit Dowan but do no damage.
Dowan is almost dead.
The ice beast hits you.
* * * LOW HITPOINT WARNING * * *
The ice beast freezes you.
* * * LOW HITPOINT WARNING * * *
Unknown command.
You hit Dowan but do no damage.
Dowan is almost dead.
Dowan hits you but does no damage.
The ice beast hits you but does no damage.
Unknown command.
Casting: Infusion
Confirm with . or Enter, or press ? or * to list all spells.
Space distorts slightly along a thin shroud covering your body.
Dowan gestures at you while chanting. The puff of frost hits you!
You die...

........># #.#.>..#
#####...###.#.#..#
#....$..>....[#
#########)..######..#.. #
#...S..e<........#..###
#.#.#######..#####.#.....
#....## #..# # ##.###
#.....#####..# ###.##.###
#....eSY@e...# #.........
#.....#####.## #.#.##.###
##...## #.#### # #.#
##.## #....# #.### #...
#....$.# #.#.. #..
#......# #.#.# #..
#......# #...# #......#
###.# #......# #..


You could see Duvessa, an ice beast, Dowan and a ball python.

Vanquished Creatures
  Sigmund (D:5)
  An ogre (D:4)
  2 howler monkeys (D:5)
  A crimson imp (D:5)
  A bullfrog skeleton (D:4)
  2 worker ants
  2 iguanas
  An orc wizard (D:4)
  8 mummies (Ossuary)
  4 adders
  An ooze (D:2)
  3 worms
  2 leopard geckos
  3 orcs
  2 ball pythons (D:1)
  4 bats
  4 giant cockroaches
  6 goblins
  5 hobgoblins
  4 jackals (D:4)
  4 kobolds
  A quokka (D:2)
  3 frilled lizards
  A hobgoblin zombie (Ossuary)
  4 kobold zombies (Ossuary)
  3 orc zombies (Ossuary)
  4 rats (D:2)
77 creatures vanquished.

Vanquished Creatures (others)
  2 spectral weapons
2 creatures vanquished.

Grand Total: 79 creatures vanquished

Notes
Turn   | Place    | Note
-------+----------+-------------------------------------------
     0 | D:1      | letownia2 the Merfolk Skald began the quest for the Orb.
     0 | D:1      | Reached XP level 1. HP: 16/16 MP: 3/3
    56 | D:1      | Reached XP level 2. HP: 13/22 MP: 0/5
   107 | D:1      | Learned a level 2 spell: Shroud of Golubria
   152 | D:3      | Noticed letownia2's ghost (weakling MfSk)
   267 | D:2      | Reached skill level 1 in Translocations
   270 | D:2      | Reached XP level 3. HP: 25/27 MP: 0/6
   275 | D:2      | Learned a level 3 spell: Spectral Weapon
   366 | D:2      | Found an iron altar of Okawaru.
   430 | D:2      | Found a radiant altar of Vehumet.
   531 | D:5      | Entered Level 5 of the Dungeon
   564 | D:4      | Found a sand-covered staircase.
   571 | Ossuary  | Entered an ossuary
   647 | Ossuary  | Reached skill level 1 in Hexes
   647 | Ossuary  | Reached XP level 4. HP: 33/33 MP: 0/7
   863 | Ossuary  | Reached skill level 4 in Polearms
   866 | Ossuary  | Reached XP level 5. HP: 24/38 MP: 1/8
  1166 | D:4      | Noticed an ogre
  1182 | D:4      | Killed an ogre
  1182 | D:4      | Reached skill level 5 in Polearms
  1182 | D:4      | Reached XP level 6. HP: 47/47 MP: 0/9
  1602 | D:4      | Found Fuyzujih's General Store.
  1607 | D:4      | Bought a scroll of fog for 22 gold pieces
  1607 | D:4      | Bought 2 potions of lignification for 66 gold pieces
  1607 | D:4      | Bought a scroll of vulnerability for 82 gold pieces
  1644 | D:4      | Noticed a slave
  1644 | D:4      | Noticed a phantom
  1645 | D:4      | Noticed Pikel
  1680 | D:3      | Reached skill level 6 in Polearms
  1867 | D:5      | Noticed Dowan
  1877 | D:5      | Noticed Duvessa
  1882 | D:5      | Reached XP level 7. HP: 50/55 MP: 5/10
  2020 | D:4      | Noticed a two-headed ogre
  2089 | D:5      | Noticed Sigmund
  2100 | D:5      | Killed Sigmund
  2100 | D:5      | Reached skill level 5 in Fighting
  2100 | D:5      | Reached skill level 7 in Polearms
  2123 | D:5      | Learned a level 2 spell: Song of Slaying
  2315 | D:5      | Killed from afar by Dowan

Skill      XL: |  1  2  3  4  5  6  7 |
---------------+----------------------+-----
Charms         | 4 |  4.9
Translocations | 1 |  1.6
Hexes          | 1 |  1.4
Polearms       | 4 5 6 7 |  7.9
Fighting       | 3 4 5 |  5.3
Armour         | |  0.6
Dodging        | |  2.6
Spellcasting   | |  2.0

Action                   |  1- 3 |  4- 6 |  7- 9 || total
-------------------------+-------+-------+-------++-------
Melee: Spear             |   102 |   183 |    92 ||   377
 Cast: Infusion          |    14 |     8 |     2 ||    24
       Spectral Weapon   |     1 |     6 |     3 ||    10
       Shroud of Golubri |       |    10 |     5 ||    15
  Eat: Chunk             |       |     6 |     2 ||     8
Armor: Leather armour    |    10 |    22 |    17 ||    49
Dodge: Dodged            |    53 |    57 |    40 ||   150
